 Dungeon Sprint DCSS version 0.20-a0-556-g892c87b (webtiles) character file.

1239 Kidiri the Thaumaturge (level 8, 0/48 HPs)
             Began as a Deep Elf Fire Elementalist on Feb 4, 2017.
             Was a Believer of Vehumet.
             Slain by Snorg (21 damage)
             ... in the Dungeon (Sprint III: "The Ten Rune Challenge").
             The game lasted 00:05:04 (1164 turns).

Kidiri the Thaumaturge (Deep Elf Fire Elementalist) Turns: 1164, Time: 00:05:04

Health: 0/48       AC:  7    Str:  5    XL:     8   Next: 25%
Magic:  4/23       EV: 17    Int: 23    God:    Vehumet [**....]
Gold:   38         SH:  0    Dex: 17    Spells: 8/30 levels left

rFire    . . .     SeeInvis +   j - +1 dagger (venom)
rCold    . . .     Gourm    .   a - +0 robe
rNeg     . . .     Faith    .   (no shield)
rPois    .         Spirit   .   (no helmet)
rElec    .         Reflect  .   l - +2 cloak {+Inv}
rCorr    .         Harm     .   (no gloves)
MR       .....     NoTele   +   (no boots)
Stlth    ++........             (no amulet)
Regen    0.2/turn               (no ring)
                                (no ring)

@: no status effects
A: iridescent scales 1, see invisible, agile 1, low mp 1, MP-powered wands
a: Renounce Religion, Evoke Invisibility


You were in the Dungeon.
You worshipped Vehumet.
Vehumet was pleased with you.
You were hungry.

You visited 1 branch You collected 38 gold pieces.

Inventory:

Hand Weapons
 j - a +1 dagger of venom (weapon)
Armour
 a - a +0 robe (worn)
 l - a +2 cloak of invisibility (worn)
Scrolls
 i - 2 scrolls of blinking
 n - a scroll of torment
 o - a scroll of identify
 p - 2 scrolls of remove curse
Potions
 f - a potion of haste
 g - 2 potions of magic
 h - 4 potions of berserk rage
 r - 3 potions of cure mutation {unknown}
 s - 3 potions of flight
Books
 b - a book of Flames

   Spells                             Type                      Level
   a - Flame Tongue                   Conjuration/Fire             1
   b - Throw Flame                    Conjuration/Fire             2
   c - Conjure Flame                  Conjuration/Fire             3
   d - Inner Flame                    Hexes/Fire                   3
   e - Sticky Flame                   Conjuration/Fire             4
   f - Fireball                       Conjuration/Fire             5
 k - a book of Minor Magic

   Spells                             Type                      Level
   a - Magic Dart                     Conjuration                  1
   b - Blink                          Translocation                2
   c - Call Imp                       Summoning                    2
   d - Repel Missiles                 Charms/Air                   2
   e - Slow                           Hexes                        2
   f - Conjure Flame                  Conjuration/Fire             3
   g - Mephitic Cloud                 Conjuration/Poison/Air       3
 m - a book of Cantrips

   Spells                             Type                      Level
   a - Confusing Touch                Hexes                        1
   b - Animate Skeleton               Necromancy                   1
   c - Summon Small Mammal            Summoning                    1
   d - Apportation                    Translocation                1
Comestibles
 c - a bread ration
 q - a meat ration
 t - 2 royal jellies


   Skills:
 + Level 4.9 Fighting
 + Level 4.4 Short Blades
 + Level 4.8 Armour
 + Level 7.6 Dodging
 - Level 2.4 Stealth
 * Level 11.7 Spellcasting
 + Level 6.8 Conjurations
 + Level 7.5 Fire Magic
 + Level 3.0 Air Magic
 + Level 3.2 Poison Magic
 + Level 5.7 Evocations


You had 8 spell levels left.
You knew the following spells:

 Your Spells              Type           Power        Failure   Level  Hunger
a - Flame Tongue          Conj/Fire      #####        1%          1    None
b - Throw Flame           Conj/Fire      #####.       1%          2    None
c - Conjure Flame         Conj/Fire      #####...     1%          3    None
d - Inner Flame           Hex/Fire       ####....     3%          3    None
e - Sticky Flame          Conj/Fire      #####...     2%          4    None
f - Fireball              Conj/Fire      #####.....   10%         5    ####...
g - Mephitic Cloud        Conj/Pois/Air  ####....     2%          3    None
h - Shock                 Conj/Air       ####         1%          1    None


Dungeon Overview and Level Annotations

Branches:
Dungeon (1/1)

Altars:
Cheibriados
Dithmenos
Elyvilon
Fedhas
Gozag
Hepliaklqana
Kikubaaqudgha
Makhleb
Nemelex Xobeh
Okawaru
Qazlal
Ru
Sif Muna
Trog
Uskayaw
Vehumet
Xom
Yredelemnul
Zin
The Shining One
Beogh
Jiyva
Lugonu

Annotations:
D Snorg


Innate Abilities, Weirdness & Mutations

You are partially covered in iridescent scales. (AC +2)
You have supernaturally acute eyesight. (SInv)
You are agile. (Dex +2)
Your magical capacity is low. (-10% MP)
You expend magic power (3 MP) to strengthen your wands.


Message History

The sticky flame hits Snorg.
Snorg is severely wounded.
Snorg is covered in liquid flames!
Snorg burns!
Snorg bites you! Snorg barely misses you. Snorg claws you!
Unknown command.
Snorg burns!
Snorg goes berserk!
There is an open door here.
Casting: Sticky Flame
Confirm with . or Enter, or press ? or * to list all spells.
Aiming: Flame Tongue
Press: ? - help, Shift-Dir - straight line, f/p - Snorg
Aim: Snorg (almost dead, berserk, fast, unusually strong, covered in liquid flames)
The flame tongue hits Snorg.
Snorg is almost dead.
Snorg burns!
Snorg stops burning.
Snorg bites you! Snorg claws you.
* * * LOW HITPOINT WARNING * * *
Snorg completely misses you.
Unknown command.
You feel better.
Snorg completely misses you. x2; Snorg claws you!!
You die...

♣.#.).#__.#._#
♣♣♣♣.###+#+###)##
..♣..#..........#
..♣..+.⌠........#
≈≈...#...######'#
≈....#.⌠.#__#...#+#####
.....#...#__#...#..§§§+
.....#+###__#...#T#§§§#
.....#.[.#__#...@.#§§.#
.....#___#__+...#.#§§ #
▓▓▓▓▓▓▓▓▓▓▓▓▓▓▓▓▓▓▓


You could see Snorg (berserk).

Vanquished Creatures
  A deep elf mage (D)
  A shadow (D)
  A spatial vortex (D)
  A necrophage (D)
  A water elemental (D)
  A jelly (D)
  A wizard (D)
  Crazy Yiuf (D)
  Jessica (D)
  A necromancer (D)
  3 humans (D)
  A kobold demonologist (D)
  2 oozes (D)
  A rat (D)
17 creatures vanquished.

Vanquished Creatures (others)
  2 draconian scorchers (D)
  6 hellions (D)
  A yaktaur (D)
9 creatures vanquished.

Grand Total: 26 creatures vanquished

Notes
Turn   | Place    | Note
-------+----------+-------------------------------------------
     0 | D        | Kidiri the Deep Elf Fire Elementalist began the quest for the Orb.
     0 | D        | Reached XP level 1. HP: 10/10 MP: 6/6
    47 | D        | Reached skill level 4 in Spellcasting
    47 | D        | Reached XP level 2. HP: 12/16 MP: 2/9
    58 | D        | Learned a level 2 spell: Throw Flame
    75 | D        | Killed a hellion
   101 | D        | Killed a hellion
   101 | D        | Killed a hellion
   110 | D        | Killed a hellion
   123 | D        | Noticed Jessica
   124 | D        | Killed a yaktaur
   127 | D        | Killed Jessica
   127 | D        | Reached skill level 1 in Fighting
   127 | D        | Reached skill level 1 in Armour
   127 | D        | Reached skill level 5 in Spellcasting
   127 | D        | Reached XP level 3. HP: 20/20 MP: 6/12
   127 | D        | Killed a hellion
   129 | D        | Killed a hellion
   183 | D        | Learned a level 3 spell: Conjure Flame
   187 | D        | Learned a level 3 spell: Inner Flame
   203 | D        | Reached skill level 6 in Spellcasting
   214 | D        | Killed a white draconian scorcher
   228 | D        | Killed a white draconian scorcher
   268 | D        | Noticed Crazy Yiuf
   275 | D        | Killed Crazy Yiuf
   275 | D        | Reached XP level 4. HP: 26/26 MP: 4/14
   307 | D        | Learned a level 4 spell: Sticky Flame
   309 | D        | Gained mutation: You expend magic power (3 MP) to strengthen your wands. [potion of mutation]
   309 | D        | Gained mutation: You have supernaturally acute eyesight. (SInv) [potion of mutation]
   309 | D        | Gained mutation: Your magical capacity is low. (-10% MP) [potion of mutation]
   310 | D        | Gained mutation: You are partially covered in iridescent scales. (AC +2) [potion of mutation]
   310 | D        | Gained mutation: You are agile. (Dex +2) [potion of mutation]
   477 | D        | Noticed a water elemental
   481 | D        | Killed a water elemental
   481 | D        | Reached skill level 7 in Spellcasting
   481 | D        | Reached skill level 5 in Fire Magic
   481 | D        | Reached skill level 1 in Evocations
   481 | D        | Reached XP level 5. HP: 31/31 MP: 7/15
   539 | D        | Learned a level 5 spell: Fireball
   540 | D        | Found a radiant altar of Vehumet.
   540 | D        | Found a deep blue altar of Sif Muna.
   540 | D        | Found an ancient bone altar of Kikubaaqudgha.
   542 | D        | Noticed a hellwing
   542 | D        | Reached skill level 5 in Dodging
   542 | D        | Reached skill level 8 in Spellcasting
   563 | D        | Became a worshipper of Vehumet
   573 | D        | Found a glowing silver altar of Zin.
   574 | D        | Found a glowing golden altar of the Shining One.
   574 | D        | Found a white marble altar of Elyvilon.
   574 | D        | Noticed a deep elf mage
   580 | D        | Killed a deep elf mage
   580 | D        | Reached skill level 10 in Spellcasting
   580 | D        | Reached skill level 5 in Conjurations
   580 | D        | Reached XP level 6. HP: 28/38 MP: 6/19
   580 | D        | Reached XP level 7. HP: 32/43 MP: 6/20
   585 | D        | Learned a level 3 spell: Mephitic Cloud
   664 | D        | Found a hide-covered altar of Uskayaw.
   664 | D        | Found a roughly hewn altar of Beogh.
   664 | D        | Found an iron altar of Okawaru.
   664 | D        | Found a bloodstained altar of Trog.
   664 | D        | Noticed a human
   666 | D        | Noticed a human
   668 | D        | Killed a human
   668 | D        | Reached skill level 1 in Air Magic
   668 | D        | Reached skill level 1 in Poison Magic
   670 | D        | Killed a human
   670 | D        | Reached * piety under Vehumet
   670 | D        | Offered knowledge of Shock by Vehumet.
   670 | D        | Reached skill level 11 in Spellcasting
   670 | D        | Reached skill level 5 in Evocations
   673 | D        | Learned a level 1 spell: Shock
   815 | D        | Found a basalt altar of Yredelemnul.
   815 | D        | Found a shadowy altar of Dithmenos.
   815 | D        | Found a sacrificial altar of Ru.
   884 | D        | Reached ** piety under Vehumet
   884 | D        | Offered knowledge of Freeze by Vehumet.
   911 | D        | Noticed a shadow
   924 | D        | Killed a shadow
   924 | D        | Reached XP level 8. HP: 28/48 MP: 10/23
  1046 | D        | Found a blossoming altar of Fedhas.
  1046 | D        | Found a stormy altar of Qazlal.
  1047 | D        | Found a snail-covered altar of Cheibriados.
  1047 | D        | Found a burning altar of Makhleb.
  1047 | D        | Found a hazy altar of Hepliaklqana.
  1047 | D        | Found a shimmering altar of Xom.
  1047 | D        | Found an opulent altar of Gozag.
  1047 | D        | Found a sparkling altar of Nemelex Xobeh.
  1047 | D        | Found a corrupted altar of Lugonu.
  1047 | D        | Found a viscous altar of Jiyva.
  1156 | D        | Noticed Snorg
  1164 | D        | Slain by Snorg

Vault maps used:
D:        dungeon_sprint_mu

Skill      XL: |  1  2  3  4  5  6  7  8 |
---------------+-------------------------+-----
Spellcasting   | 4 5 6 7 10 11 | 11.7
Conjurations   | 2 3 4 5 6 |  6.8
Fighting       | 1 2 4 |  4.9
Armour         | 1 2 4 |  4.8
Dodging        | 3 4 6 7 |  7.6
Fire Magic     | 4 5 6 7 |  7.5
Evocations     | 1 4 5 |  5.7
Short Blades   | 3 4 |  4.4
Air Magic      | 2 3 |  3.0
Poison Magic   | 2 3 |  3.2
Stealth        | |  2.4

Action                   |  1- 3 |  4- 6 |  7- 9 || total
-------------------------+-------+-------+-------++-------
Melee: Dagger            |     1 |     1 |       ||     2
 Cast: Flame Tongue      |    17 |     6 |    40 ||    63
       Throw Flame       |     6 |       |     2 ||     8
       Conjure Flame     |       |     1 |     1 ||     2
       Sticky Flame      |       |     3 |     3 ||     6
       Fireball          |       |       |     6 ||     6
  Use: Potion            |       |     3 |     1 ||     4
       Scroll            |       |     2 |       ||     2
  Eat: Chunk             |       |       |     1 ||     1
Armor: Robe              |       |     1 |     2 ||     3
Dodge: Dodged            |     1 |     5 |    14 ||    20
